 Dungeon Crawl Stone Soup version 0.16-a0-296-gbdb9f68 (webtiles) character file.

2179 DrPain the Basher (level 9, -1/79 HPs)
             Began as a Minotaur Berserker on Aug 28, 2014.
             Was a High Priest of Trog.
             Slain by an ufetubus (2 damage)
             ... summoned by Eustachio
             ... on Level 6 of the Dungeon on Aug 29, 2014.
             The game lasted 00:25:57 (6101 turns).

DrPain the Basher (Minotaur Berserker)              Turns: 6101, Time: 00:25:59

HP  -1/79        AC 13     Str 22      XL: 9   Next: 11%
MP   4/4         EV  8     Int  4      God: Trog [*****.]
Gold 304         SH  0     Dex 13      Spells:  0 memorised,  8 levels left

rFire  . . .     SeeInvis .     m - +3 great mace (crush)
rCold  . . .     Clarity  .     I - +1 chain mail
rNeg   . . .     rCorr    .     (no shield)
rPois  .         rRot     .     (helmet restricted)
rElec  .         Spirit   .     F - +0 cloak
SustAb .         Warding  .     (no gloves)
rMut   .         Stasis   .     (no boots)
Gourm  .                        k - amulet of faith
MR     .....                    (no ring)
                                e - ring of stealth

@: exhausted, slowed, very slow, not resistant to hostile enchantments,
extremely unstealthy
A: retaliatory headbutt, horns 2
a: Burn Spellbooks, Berserk, Trog's Hand, Brothers in Arms, Renounce Religion


You were on level 6 of the Dungeon.
You worshipped Trog.
Trog was extremely pleased with you.
You were full.

You visited 1 branch of the dungeon, and saw 6 of its levels.

You collected 304 gold pieces.

Inventory:

Hand weapons
 a - a +0 mace
 m - a +3 great mace of crushing (weapon)
 p - a +0 hunting sling
 t - a +0 flail
 B - a cursed -2 blowgun
 D - a cursed +0 whip of flaming
Missiles
 g - 5 javelins
 h - 5 bolts
 j - 11 sling bullets of flame
 q - 62 stones (quivered)
 C - 5 poisoned needles
Armour
 d - a +1 scale mail
 F - a +0 cloak (worn)
 I - a +1 chain mail (worn)
Comestibles
 i - a meat ration
Scrolls
 c - 2 scrolls of amnesia {unknown}
 n - 2 scrolls of remove curse
 o - a scroll of noise
 u - 2 scrolls of teleportation
 y - 2 scrolls of fear
 G - 2 scrolls of identify
Jewellery
 e - a ring of stealth (left hand)
 k - an amulet of faith (around neck)
 x - an uncursed amulet of stasis
Potions
 b - 4 potions of curing {unknown}
 f - 2 potions of magic {unknown}
 l - 2 potions of brilliance {unknown}
 r - a potion of lignification {unknown}
 v - a potion of cure mutation {unknown}
 w - a potion of haste {unknown}
 z - 4 potions of restore abilities {unknown}
 A - a potion of agility {unknown}
 E - 2 potions of resistance {unknown}
 H - 2 potions of mutation {unknown}


   Skills:
 + Level 7.1 Fighting
 + Level 10.6 Maces & Flails
 + Level 8.6 Armour
 - Level 2.1 Dodging


You had 8 spell levels left.
You didn't know any spells.

Dungeon Overview and Level Annotations

Branches:
Dungeon (6/15)             Temple (0/1) D:4

Altars:
Fedhas
Gozag
Nemelex Xobeh
Qazlal
Yredelemnul

Annotations:
D:6 Eustachio


Innate Abilities, Weirdness & Mutations

You reflexively headbutt those who attack you in melee.
You have a pair of horns on your head.


Message History

The crimson imp disappears in a puff of smoke!
Items here: %% )))) : [[[ You feel a strong urge to attack something.
The orc priest mumbles some strange prayers to Beogh against you.
Something smites you!
* * * LOW HITPOINT WARNING * * *
You are no longer berserk.
You are exhausted.
You feel yourself slow down.
Items here: %% )))) : [[[ You closely miss the orc priest.
The orc priest hits you.
* * * LOW HITPOINT WARNING * * *
Eustachio casts a spell.
You sock the orc priest!
You kill the orc priest!
Trog accepts your kill.
The ufetubus hits you but does no damage. x2
The orc priest's eyes start to glow.
The ufetubus hits you.
You die...

.# ####..#
###....###
.###.....# #####..#
.........# ####
.........#
.####....# ## .#
#...## .# ..#
#...## ##.# ..#
#....# #.# ..#
#....## ##@#
..###.....## #5@#
...##......####r##
...##.......##r5#
...##........#..#
....#.........o###
...[.............#
###########..(....#
.........###


You could see Eustachio, an orc priest, a white imp, an ufetubus and 2 rats.

Vanquished Creatures
  Grinder (D:5)
  Menkaure (D:5)
  A phantom (D:4)
  2 orc warriors
  A sky beast (D:5)
  2 centaurs
  4 ogres
  A giant frog (D:6)
  A scorpion (D:5)
  A centaur zombie (D:5)
  3 jellies
  A hound (D:6)
  A gnoll shaman (D:4)
  An iguana (D:5)
  3 orc wizards
  4 orc priests
  5 worker ants
  2 ogre skeletons
  A hound skeleton (D:5)
  7 adders
  10 gnolls
  3 worms
  6 giant geckos
  An ooze (D:3)
  19 orcs
  A ball python (D:1)
  A bat skeleton (D:5)
  6 giant cockroaches
  15 goblins
  19 hobgoblins
  4 jackals
  7 kobolds
  14 bats
  4 giant newts
  A goblin zombie (D:5)
  3 quokkas
  7 rats
  3 fungi (D:2)
  3 plants (D:2)
170 creatures vanquished.

Notes
Turn   | Place    | Note
--------------------------------------------------------------
     0 | D:1      | DrPain, the Minotaur Berserker, began the quest for the Orb.
     0 | D:1      | Reached XP level 1. HP: 19/19 MP: 1/1
   141 | D:1      | Reached skill level 4 in Maces & Flails
   141 | D:1      | Reached XP level 2. HP: 21/27 MP: 1/1
   291 | D:1      | Acquired Trog's second power
   487 | D:1      | Reached XP level 3. HP: 33/33 MP: 2/2
   762 | D:2      | Reached skill level 5 in Maces & Flails
   960 | D:2      | Reached XP level 4. HP: 35/40 MP: 2/2
   977 | D:2      | Found a blossoming altar of Fedhas.
   986 | D:2      | Found a stormy altar of Qazlal.
  1157 | D:2      | Found a basalt altar of Yredelemnul.
  1301 | D:2      | Reached skill level 6 in Maces & Flails
  1596 | D:3      | Found a sparkling altar of Nemelex Xobeh.
  1641 | D:3      | Found an opulent altar of Gozag.
  1769 | D:3      | Reached XP level 5. HP: 46/46 MP: 2/2
  2066 | D:4      | Noticed a phantom
  2097 | D:4      | Killed a phantom
  2097 | D:4      | Reached skill level 7 in Maces & Flails
  2136 | D:4      | Reached XP level 6. HP: 29/52 MP: 3/3
  2271 | D:4      | Noticed an ogre
  2280 | D:4      | Killed an ogre
  2558 | D:4      | Reached skill level 8 in Maces & Flails
  2568 | D:4      | Acquired Trog's third power
  2651 | D:4      | Reached XP level 7. HP: 26/60 MP: 3/3
  2849 | D:4      | Found a staircase to the Ecumenical Temple.
  3145 | D:4      | Noticed an ogre
  3149 | D:4      | Killed an ogre
  3156 | D:4      | Reached skill level 5 in Fighting
  3156 | D:4      | Reached skill level 5 in Armour
  3231 | D:4      | Reached skill level 9 in Maces & Flails
  3696 | D:5      | Entered Level 5 of the Dungeon
  3958 | D:5      | Reached XP level 8. HP: 64/70 MP: 3/3
  3987 | D:5      | HP: 3/70 [acid (12)]
  3991 | D:5      | Received a gift from Trog
  4232 | D:5      | Noticed Grinder
  4247 | D:5      | Killed Grinder
  4254 | D:5      | Reached skill level 10 in Maces & Flails
  4543 | D:5      | Noticed Menkaure
  4549 | D:5      | Killed Menkaure
  5546 | D:6      | Reached XP level 9. HP: 79/79 MP: 4/4
  6067 | D:6      | Noticed Eustachio
  6098 | D:6      | HP: 3/118 [orc priest/divine providence (16)]
  6100 | D:6      | HP: 1/79 [orc priest (1)]
  6101 | D:6      | Slain by an ufetubus

Action                   |  1- 3 |  4- 6 |  7- 9 || total
-------------------------+-------+-------+-------++-------
Melee: Mace              |    98 |   121 |       ||   219
       Flail             |       |    80 |   103 ||   183
       Great mace        |       |       |    85 ||    85
Invok: Berserk           |       |     3 |     7 ||    10
       Burn Spellbooks   |       |       |     1 ||     1
  Use: Scroll            |     5 |     7 |     3 ||    15
       Potion            |       |       |     3 ||     3
  Eat: Bread ration      |       |     2 |     1 ||     3
       Royal jelly       |       |     1 |       ||     1
       Chunk             |       |       |     2 ||     2
       Beef jerky        |       |       |     3 ||     3
       Meat ration       |       |       |     2 ||     2
